Map: Lightshade LE

Players

A.I. 2 (Very Easy)

  • Race: Terran Terran
  • Spawn Location: 5:00

EvilNeuro

  • Race: Protoss Protoss
  • League: Grandmaster
  • Spawn Location: 11:00

VOD

Have the link to the VOD?

Description

Time

  • Played on: March 14, 2021, 8:05 p.m.
  • Length: 6:58
Show
View Real Time Build Order
Export as new Build Order

A.I. 2 (Very Easy) Terran 

Build Orders: Reaper Expand 

Get SALT Encoding   

  12  0:00  SCV  
  13  0:13  SCV  
  14  0:18  Supply Depot  
  14  0:42  Barracks  
  14  1:02  Command Center  
  14  1:30  Supply Depot, Orbital Command  
  14  1:31  Marine  
  15  1:35  Refinery  
  15  1:48  Refinery  
  15  1:55  SCV  
  16  2:07  SCV  
  17  2:14  SCV  
  17  2:15  Reaper  
  19  2:21  SCV  
  20  2:29  SCV  
  21  2:36  SCV  
  22  2:43  SCV  
  23  2:50  SCV  
  24  2:56  Refinery  
  24  2:57  SCV  
  25  3:00  Marine  
  25  3:05  SCV  
  27  3:12  SCV  
  28  3:14  Factory  
  28  3:37  SCV, Refinery  
  29  3:44  SCV  
  29  3:45  Marine  
  31  3:51  SCV  
  31  3:55  Supply Depot  
  32  3:58  SCV  
  32  3:59  Starport  
  33  4:05  SCV  
  34  4:13  SCV  
  35  4:20  SCV  
  36  4:27  SCV  
  36  4:30  Marine  
  38  4:34  SCV  
  38  4:38  Supply Depot, Starport Tech Lab  
  39  4:41  SCV  
  40  4:49  SCV  
  41  4:56  SCV  
  41  4:57  Raven  
  44  5:03  SCV  
  45  5:10  SCV  
  46  5:15  Marine  
  46  5:17  SCV  
  48  5:39  Raven  
  50  6:00  Reaper  
  51  6:33  Barracks Tech Lab  
Show
View Real Time Build Order
Export as new Build Order

EvilNeuro Protoss 

Build Orders: 1 Gate Expand, Double Forge, Blink Stalkers 

Get SALT Encoding   

  12  0:00  Probe  
  13  0:12  Probe  
  14  0:17  Pylon  
  14  0:24  Probe  
  15  0:36  Probe (Chrono Boost)  
  15  0:37  Gateway  
  15  0:42  Assimilator  
  16  0:48  Probe (Chrono Boost)  
  17  0:55  Probe (Chrono Boost)  
  18  1:03  Probe  
  19  1:15  Probe  
  20  1:24  Cybernetics Core  
  20  1:27  Probe  
  21  1:36  Nexus  
  21  1:40  Pylon  
  21  1:48  Probe  
  21  1:50  Assimilator  
  22  1:59  Stalker (Chrono Boost)  
  22  2:00  Probe  
  23  2:03  Warp Gate  
  25  2:13  Probe (Chrono Boost)  
  26  2:25  Probe (Chrono Boost)  
  26  2:26  Robotics Facility  
  27  2:33  Probe (Chrono Boost)  
  27  2:36  Stalker  
  30  2:44  Probe  
  30  2:48  Probe  
  32  2:55  Twilight Council  
  32  2:56  Probe  
  33  3:01  Probe  
  34  3:08  Probe  
  35  3:13  Probe  
  35  3:17  Gateway x2  
  36  3:20  Probe  
  36  3:22  Observer (Chrono Boost)  
  36  3:25  Probe  
  39  3:29  Blink (Chrono Boost)  
  39  3:31  Pylon, Assimilator  
  39  3:32  Probe  
  40  3:37  Probe  
  41  3:44  Probe  
  42  3:49  Probe  
  42  3:51  Pylon, Stalker  
  45  3:57  Probe  
  45  4:01  Probe  
  47  4:07  Observer  
  47  4:09  Probe  
  49  4:14  Nexus  
  49  4:21  Stalker x2  
  49  4:24  Stalker  
  55  4:26  Probe  
  55  4:27  Probe  
  55  4:30  Observer  
  58  4:38  Probe  
  58  4:39  Probe  
  58  4:45  Forge  
  60  4:46  Forge  
  60  4:50  Probe  
  60  4:51  Probe  
  62  5:00  Pylon  
  62  5:09  Charge  
  62  5:10  Protoss Ground Weapons Level 1 (Chrono Boost), Protoss Ground Armor Level 1 (Chrono Boost)  
  62  5:14  Pylon  
  62  5:18  Probe x2, Pylon, Observer  
  65  5:26  Probe  
  66  5:30  Probe x2  
  66  5:31  Gateway  
  66  5:32  Gateway  
  66  5:33  Gateway  
  66  5:35  Gateway  
  68  5:37  Gateway  
  68  5:41  Sentry x2  
  72  5:43  Zealot  
  72  5:47  Probe x3  
  77  5:59  Probe x3  
  77  6:03  Shield Battery  
  80  6:05  Zealot x3  
  85  6:23  Pylon  
  85  6:24  Pylon  
  85  6:26  Pylon  
  85  6:28  Zealot x3  
  85  6:29  Zealot x4  
  85  6:32  Zealot  
  101  6:50  Stalker x5  
  101  6:51  Zealot, Stalker  
Tags
 
Add a new tag
Caveats
  • Supply blocks, unpowered buildings, or Contaminate may cause inaccurate times.
  • Supply counts are checked every 10 seconds.